 Dungeon Crawl Stone Soup version 0.27-a0-1312-g5cdb2b3542 (webtiles) character file.

Game seed: 6890599513968008097

23247 27snakeeyes612 the Cleaver (level 12, -14/168 HPs)
             Began as a Minotaur Berserker on June 19, 2021.
             Was a High Priest of Trog.
             Demolished by Rupert (34 damage)
             ... on level 12 of the Dungeon.
             The game lasted 00:10:17 (12030 turns).

27snakeeyes612 the Cleaver (Minotaur Berserker)    Turns: 12030, Time: 00:10:18

Health: -14/168    AC: 16    Str: 34    XL:     12   Next: 70%
Magic:  11/11      EV: 13    Int:  4    God:    Trog [*****.]
Gold:   656        SH: 13    Dex:  9    Spells: 11/11 levels left

rFire    . . .     SeeInvis .   q - +2 broad axe (flame)
rCold    . . .     Faith    .   o - +0 kite shield
rNeg     . . .     Spirit   .   j - +4 scale mail of Weightlessness {Rampage rPois}
rPois    +         Reflect  .   (helmet restricted)
rElec    .         Harm     .   (no cloak)
rCorr    .         Rampage  +   (no gloves)
Will     ++...                  y - +2 pair of boots
Stlth    ..........             a - amulet of regeneration
HPRegen  2.38/turn              d - ring of flight
MPRegen  0.12/turn              k - +6 ring of strength

@: berserking, strong-willed, flying, regenerating, very quick
A: horns 2, retaliatory headbutt
a: Renounce Religion, Berserk, Trog's Hand, Brothers in Arms


You were on level 12 of the Dungeon.
You worshipped Trog.
Trog was extremely pleased with you.
You visited 1 branch of the dungeon, and saw 13 of its levels.

You collected 656 gold pieces.

Inventory:

Hand Weapons
 q - a +2 broad axe of flaming (weapon)
 H - a +0 flail
 K - a +1 vorpal war axe
Missiles
 g - 9 curare-tipped darts
Armour
 i - a +0 tower shield
 j - the +4 scale mail of Weightlessness (worn) {Rampage rPois}
   (You found it on level 10 of the Dungeon)

   It protects you from poison.
   It bestows one free step when moving towards enemies.
 m - a +0 scale mail
 o - a +0 kite shield (worn)
 y - a +2 pair of boots (worn)
Jewellery
 a - an amulet of regeneration (around neck)
 d - a ring of flight (left hand)
 k - a +6 ring of strength (right hand)
 D - a ring of fire
Wands
 C - a wand of flame (15)
 G - a wand of mindburst (4) (quivered)
Scrolls
 b - 2 scrolls of identify
 c - 2 scrolls of immolation
 l - 2 scrolls of torment
 n - 2 scrolls of magic mapping
 v - 2 scrolls of brand weapon
 w - 2 scrolls of amnesia
 A - a scroll of enchant armour {unknown}
 B - 2 scrolls of acquirement {unknown}
Potions
 e - 2 potions of mutation {unknown}
 f - a potion of degeneration
 h - 2 potions of curing
 p - 3 potions of attraction
 r - 2 potions of might
 u - a potion of lignification {unknown}
 x - a potion of haste {unknown}
 z - 2 potions of brilliance {unknown}
 E - a potion of flight {unknown}


   Skills:
 + Level 12.0 Fighting
 + Level 12.1 Axes
 + Level 11.6 Armour
 + Level 10.7 Dodging
 - Level 0.1 Stealth
 + Level 11.2 Shields


You had 11 spell levels left.
You didn't know any spells.
Your spell library was empty.

Dungeon Overview and Level Annotations

Branches:
Dungeon (13/15) Temple (0/1) D:5 Lair (0/6) D:11 Orc (0/2) D:10 Vaults (0/5) D:12 D:13

Altars:
Cheibriados
Elyvilon
Gozag
Hepliaklqana
Makhleb
Nemelex Xobeh
Sif Muna
Trog
Wu Jian
Zin

Shops:
D:5 ?:

Annotations:
D:3 1 runed translucent door, murderhobo's ghost, weakling DgFi
D:5 1 runed translucent door, Saltbearer's ghost, novice DrFi
D:12 Rupert
D:13 Urug


Innate Abilities, Weirdness & Mutations

You have a pair of horns on your head.
You reflexively headbutt those who attack you in melee.


Message History

The troll claws you but does no damage. You block the troll's attack.
Urug throws a silver javelin.
The silver javelin pierces through you!
The silver javelin pierces through the two-headed ogre!
The human hits you but does no damage.
You fly upwards.
There is a stone staircase leading down, spattered with blood here.
You see here a +9 vorpal quarterstaff.
Your skin crawls.
You feel strong-willed. You block Rupert's attack.
The two-headed ogre completely misses you.
The two-headed ogre hits you with a +0 giant spiked club!!
You block the troll's attack.
The troll claws you but does no damage. x2
The human hits you.
A red film seems to cover your vision as you go berserk!
You feel yourself moving faster!
You feel mighty!
Rupert hits you with a +1 great sword of electrocution!!
* * * LOW HITPOINT WARNING * * *
You are electrocuted!
* * * LOW HITPOINT WARNING * * *
Rupert closely misses you. You block the troll's attack. The troll misses you.
The troll claws you.
* * * LOW HITPOINT WARNING * * *
You block the two-headed ogre's attack.
The two-headed ogre completely misses you.
The human hits you but does no damage.
You slash Rupert! You burn Rupert. Your headbutt misses Rupert.
Rupert is lightly wounded.
You slash the two-headed ogre! You burn the two-headed ogre.
You miss the human. You slash the troll! You burn the troll.
Rupert closely misses you.
You barely miss Rupert. Your headbutt misses Rupert.
Rupert is lightly wounded.
You slash the two-headed ogre! You burn the two-headed ogre.
You slash the human! You burn the human. You slash the troll!
You burn the troll. You block the troll's attack. The troll claws you!
* * * LOW HITPOINT WARNING * * *
The troll claws you but does no damage.
Rupert hits you with a +1 great sword of electrocution!!
You die...

###### ## ##.##.####### .#####
##......@@#..#
.....###.......OpT..#
.......##...........#
...............##..##
..............####..### #####
.#...........###......## #...##
..............#........####....#
...............#........##...###
........................##....#


You could see Rupert (berserk), a two-headed ogre, a troll and a human.

Vanquished Creatures
  Nessos (D:12)
  A hydra (D:10)
  A boulder beetle (D:11)
  A catoblepas (D:12)
  4 two-headed ogres
  Sonja (D:10)
  Pikel (D:4)
  An ugly thing (D:12)
  A cyclops (D:9)
  4 centaur zombies
  A gargoyle (D:12)
  A kobold demonologist (D:12)
  2 unseen horrors
  A tengu conjurer (D:12)
  3 trolls
  Grinder (D:4)
  Prince Ribbit (D:6)
  5 wraiths
  2 basilisks (D:11)
  3 wyverns (D:11)
  14 humans (D:12)
  26 yaks
  9 vampire mosquitoes (D:12)
  4 water moccasins
  A black bear (D:5)
  8 orc warriors
  2 ice beasts
  2 necrophages (D:8)
  A centaur (D:8)
  4 ogres
  3 lemures (D:4)
  A phantom (D:6)
  3 kobold brigands (D:12)
  A bullfrog (D:9)
  A wyvern zombie (D:6)
  3 gnoll sergeants
  8 scorpions
  8 killer bees (D:9)
  3 wights (D:10)
  An electric eel (D:10)
  3 howler monkeys
  A hound (D:6)
  A jelly (D:6)
  9 orc priests
  A gnoll shaman (D:8)
  Jessica (D:3)
  An iguana (D:6)
  16 orc wizards
  A howler monkey zombie (D:5)
  22 gnolls
  A howler monkey skeleton (D:5)
  5 adders
  A shadow imp (D:5)
  An ufetubus (D:6)
  An adder skeleton (D:5)
  A worm (D:2)
  2 dart slugs
  48 orcs
  3 ball pythons
  10 bats
  7 endoplasms
  4 giant cockroaches
  5 goblins
  6 hobgoblins
  12 jackals
  9 kobolds
  A quokka (D:2)
  4 frilled lizards
  2 rats (D:2)
318 creatures vanquished.

Vanquished Creatures (others)
  8 plants
8 creatures vanquished.

Grand Total: 326 creatures vanquished

Notes
Turn   | Place    | Note
-------+----------+-------------------------------------------
     0 | D:1      | 27snakeeyes612 the Minotaur Berserker began the quest for
                  | the Orb.
     0 | D:1      | Reached XP level 1. HP: 19/19 MP: 0/0
   234 | D:1      | Reached XP level 2. HP: 16/27 MP: 1/1
   888 | D:1      | Reached XP level 3. HP: 33/33 MP: 2/2
   891 | D:1      | Found a faded altar of an unknown god.
  1000 | D:1      | Reached ** piety under Trog
  2305 | D:3      | Reached XP level 4. HP: 39/41 MP: 3/3
  2311 | D:3      | Noticed a scorpion
  2320 | D:3      | Killed a scorpion
  2321 | D:3      | Reached skill level 1 in Shields
  2659 | D:3      | Noticed murderhobo's ghost (weakling DgFi)
  2661 | D:3      | Found a runed translucent door.
  2665 | D:3      | Noticed Jessica
  2670 | D:3      | Killed Jessica
  2671 | D:3      | Reached XP level 5. HP: 46/47 MP: 4/4
  3255 | D:4      | Noticed Grinder
  3263 | D:4      | Killed Grinder
  3264 | D:4      | Reached skill level 5 in Fighting
  3264 | D:4      | Reached skill level 5 in Axes
  3264 | D:4      | Reached XP level 6. HP: 56/56 MP: 5/5
  3354 | D:4      | Noticed an ice beast
  3362 | D:4      | Killed an ice beast
  3713 | D:4      | Reached XP level 7. HP: 61/61 MP: 6/6
  3789 | D:4      | Found an ornate altar of the Wu Jian Council.
  3838 | D:4      | Reached *** piety under Trog
  4606 | D:4      | Reached skill level 5 in Armour
  4634 | D:4      | Found a burning altar of Makhleb.
  4636 | D:4      | Found an opulent altar of Gozag.
  4636 | D:4      | Found a white marble altar of Elyvilon.
  4770 | D:4      | Found a bloodstained altar of Trog.
  4789 | D:4      | Found a shimmering blue altar of Sif Muna.
  4946 | D:4      | Identified Sif Muna's Disquisition on Confrontation
  4964 | D:5      | Entered Level 5 of the Dungeon
  4964 | D:5      | Found a staircase to the Ecumenical Temple.
  4964 | D:5      | Noticed Pikel
  5065 | D:4      | Killed Pikel
  5066 | D:4      | Reached skill level 5 in Dodging
  5066 | D:4      | Reached XP level 8. HP: 52/71 MP: 7/7
  5313 | D:5      | Reached skill level 5 in Shields
  5381 | D:5      | Found Erapuhop's Book Shop.
  5468 | D:5      | Found a snail-covered altar of Cheibriados.
  5534 | D:5      | Found a runed translucent door.
  5535 | D:5      | Noticed Saltbearer's ghost (novice DrFi)
  5642 | D:5      | Found Haunyi's Magic Scroll Shop.
  5680 | D:5      | Reached XP level 9. HP: 77/79 MP: 8/8
  6013 | D:6      | Noticed Prince Ribbit
  6028 | D:6      | Killed Prince Ribbit
  6140 | D:6      | Found a hazy altar of Hepliaklqana.
  6775 | D:7      | Reached **** piety under Trog
  7656 | D:8      | Noticed a two-headed ogre
  7689 | D:8      | Killed a two-headed ogre
  7690 | D:8      | Reached XP level 10. HP: 54/90 MP: 9/9
  8612 | D:9      | Found a sparkling altar of Nemelex Xobeh.
  8617 | D:9      | Noticed a cyclops
  8625 | D:9      | Killed a cyclops
  9064 | D:9      | Reached ***** piety under Trog
  9136 | D:9      | Noticed a two-headed ogre
  9145 | D:9      | Killed a two-headed ogre
  9462 | D:10     | Entered Level 10 of the Dungeon
  9474 | D:10     | Noticed Sonja
  9494 | D:10     | Reached skill level 10 in Axes
  9500 | D:10     | Reached XP level 11. HP: 81/99 MP: 10/10
  9504 | D:10     | Killed Sonja
  9505 | D:10     | Reached skill level 10 in Fighting
  9576 | D:10     | Noticed a two-headed ogre
  9583 | D:10     | Killed a two-headed ogre
  9790 | D:10     | Identified the +4 scale mail of Weightlessness {Rampage
                  | rPois}
  9876 | D:10     | Noticed a five-headed hydra
  9928 | D:10     | Killed an eight-headed hydra
 10033 | D:10     | Reached skill level 10 in Armour
 10054 | D:10     | Received a gift from Trog
 10085 | D:10     | Found a staircase to the Orcish Mines.
 10416 | D:10     | Found a glowing silver altar of Zin.
 10534 | D:11     | Found a staircase to the Lair.
 10684 | D:11     | Noticed a boulder beetle
 10711 | D:11     | Killed a boulder beetle
 10835 | D:11     | Reached skill level 10 in Shields
 11315 | D:12     | Noticed a catoblepas
 11345 | D:12     | Reached XP level 12. HP: 69/110 MP: 11/11
 11397 | D:12     | Reached skill level 10 in Dodging
 11482 | D:12     | Killed a catoblepas
 11577 | D:12     | Noticed Nessos
 11590 | D:12     | Killed Nessos
 11781 | D:12     | Noticed a two-headed ogre
 11790 | D:12     | Killed a two-headed ogre
 11969 | D:13     | Found a gate to the Vaults.
 11969 | D:13     | Noticed Rupert
 11969 | D:13     | Noticed a centaur warrior
 11969 | D:13     | Noticed Urug
 11969 | D:13     | Noticed a two-headed ogre
 11969 | D:13     | Noticed a centaur warrior
 11977 | D:12     | Received a gift from Trog
 12030 | D:12     | Demolished by Rupert

Illustrated notes

Levels and vault maps discovered:
D:1:      dpeg_arrival_signposts, layout_basic,
          hellmonk_ecumenical_altar_inner_sanctum, minmay_bisected
D:2:      layout_loops_ring, minmay_fractal_squares_gapless_5
D:3:      layout_loops_ring, hellmonk_ghost_happy_afterlife, uniq_jessica
D:4:      layout_loops_ring, nzn_overflow_gifts_of_might_and_magic,
          kennysheep_mini_moat, grunt_temple_overflow_diamond, uniq_grinder
D:5:      layout_rooms, old_standard_altar, minmay_temple_entry_grid,
          serial_shops, kennysheep_mini, nicolae_shop_waterfront,
          gammafunk_ghost_grave, minmay_misc_feat_five, uniq_pikel
D:6:      layout_rooms, nicolae_hepliaklqana_hazy_memory, uniq_prince_ribbit1
D:7:      layout_cave_pools, nrook_pool_corridor, minmay_misc_feat_secret_circle
D:8:      minmay_weird_star, layout_basic, st_stairs_2
D:9:      layout_stronghold, kennysheep_little_box
D:10:     layout_basic, zin_treasury, david_orc_4, uniq_sonja
D:11:     layout_irregular_city, minmay_lair_entry_grove
D:12:     layout_cave_pools, uniq_nessos
D:13:     layout_basic, david_vaults_3, kennysheep_island_fort

Skill      XL: |  1  2  3  4  5  6  7  8  9 10 11 12 |
---------------+-------------------------------------+-----
Fighting       | 4 5 6 7 8 9 11 12 | 12.0
Axes           | 4 5 6 7 8 10 11 12 | 12.1
Armour         | 3 4 6 8 9 10 11 | 11.6
Dodging        | 3 4 5 6 7 8 9 10 | 10.7
Shields        | 1 2 3 4 5 7 8 10 11 | 11.2
Stealth        | |  0.1

Action                   |  1- 3 |  4- 6 |  7- 9 | 10-12 || total
-------------------------+-------+-------+-------+-------++-------
Melee: Hand axe          |   103 |    60 |   287 |       ||   450
       Headbutt          |    13 |     9 |    65 |    95 ||   182
       War axe           |       |       |    14 |   209 ||   223
       Broad axe         |       |       |       |   205 ||   205
       Flail             |       |       |       |     6 ||     6
Invok: Berserk           |       |     5 |     5 |     4 ||    14
       Trog's Hand       |       |       |     3 |     4 ||     7
Evoke: Wand              |       |       |       |     6 ||     6
  Use: Scroll            |       |       |    16 |     2 ||    18
       Potion            |       |       |       |     2 ||     2
 Stab: Petrified         |       |       |       |     1 ||     1
Armor: Animal skin       |    15 |       |       |       ||    15
       Ring mail         |    14 |       |       |       ||    14
       Scale mail        |    19 |    11 |   100 |   262 ||   392
Dodge: Dodged            |    67 |    18 |   106 |   241 ||   432
Block: Kite shield       |       |    22 |   218 |   342 ||   582

Table legend: (Time is in decaauts)
 A = Elapsed time spent in this place.
 B = Non-inter-level travel time spent in this place.
 C = Inter-level travel time spent in this place.
 D = Time resting spent in this place.
 E = Time spent auto-exploring this place.
 F = Levels seen in this place.
 G = Mean time per level.
                   A        B        C        D        E       F      G
               +--------+--------+--------+--------+--------+-----+--------+
         Total |  12297 |  11949 |    348 |   1195 |   8807 |  13 |  945.9 |
       Dungeon |  12297 |  11949 |    348 |   1195 |   8807 |  13 |  945.9 |
               +--------+--------+--------+--------+--------+-----+--------+

Top non-repeatable levels by time:
     D:4: 1935 daAuts
     D:8: 1181 daAuts
     D:2: 1127 daAuts
     D:1: 1095 daAuts
     D:3: 1064 daAuts
     D:9: 1050 daAuts
    D:10: 1031 daAuts
    D:11: 866 daAuts
     D:6: 814 daAuts
    D:12: 729 daAuts
     D:5: 707 daAuts
     D:7: 682 daAuts
    D:13: 8 daAuts
